 Dungeon Crawl Stone Soup version 0.29-a0-319-gad05b8d819 (webtiles) character file.

Game seed: 16479097041587538268

1216 gimp the Carver (level 8, -9/69 HPs)
             Began as a Mayflytaur Fighter on Apr 1, 2022.
             Mangled by an orc warrior
             ... wielding a +0 war axe
              (13 damage)
             ... in a bailey on Apr 2, 2022.
             The game lasted 00:18:06 (1970 turns).

gimp the Carver (Mayflytaur Fighter)                Turns: 1970, Time: 00:18:07

Health: -9/69      AC: 11    Str: 18 (20) XL:     8   Next: 46%
Magic:  9/9        EV:  5    Int:  9      God:
Gold:   219        SH:  4    Dex: 13 (14) Spells: 7/7 levels left

rFire   . . .      SeeInvis .   a - +0 long sword
rCold   . . .      Faith    .   c - +0 buckler
rNeg    . . .      Spirit   .   l - +0 plate armour
rPois   .          Reflect  .   (no helmet)
rElec   .          Harm     .   (no cloak)
rCorr   .          Rampage  .   (no gloves)
Will    +....      Clarity  +   (no boots)
Stlth   ..........              (no amulet)
HPRegen 0.21/turn               t - +4 ring of slaying
MPRegen 0.22/turn               (no ring)

@: flying, bezotted
A: damage resistance, big wings, sense surroundings 2, magic regeneration, short
lifespan, clarity
a: no special abilities


You were in a bailey.
You visited 1 branch of the dungeon, and saw 7 of its levels.
You also visited: Bailey.

You collected 219 gold pieces.

Inventory:

Hand Weapons
 a - a +0 long sword (weapon)
 b - a +2 short sword of venom
Armour
 c - a +0 buckler (worn)
 e - a +0 pair of gloves
 k - a +0 scale mail
 l - a +0 plate armour (worn)
Jewellery
 t - a +4 ring of slaying (left hand)
Wands
 g - a wand of paralysis (11)
Scrolls
 f - 3 scrolls of amnesia
 i - a scroll of magic mapping {unknown}
 n - a scroll of brand weapon
 o - 3 scrolls of fog
 p - a scroll of vulnerability
 q - a scroll of teleportation {unknown}
 u - a scroll of immolation
Potions
 d - a potion of might
 h - a potion of attraction
 j - a potion of haste
 m - 2 potions of curing


   Skills:
 - Level 3.2 Fighting
 + Level 13.0 Long Blades
 - Level 3.2 Armour
 - Level 3.2 Shields


You had 7 spell levels left.
You didn't know any spells.
Your spell library contained the following spells:

 Spells                   Type           Power      Damage    Failure   Level
 Scorch                   Fire           0%         2d5       100%        2
 Tukima's Dance           Hex            0%         N/A       100%        3
 Animate Armour           Summ/Erth      0%         N/A       100%        4
 Flame Wave               Conj/Fire      0%         2d4       100%        4
 Passage of Golubria      Tloc           0%         N/A       100%        4
 Blade Hands              Tmut           0%         N/A       100%        5
 Yara's Violent Unravell  Hex/Tmut       0%         3d3       100%        5
 Iron Shot                Conj/Erth      0%         9d1       100%        6
 Summon Cactus Giant      Summ           0%         N/A       100%        6


Dungeon Overview and Level Annotations

Branches:
Dungeon (8/15)               Lair (0/6) D:8          Bailey (1/1)
 Temple: D:4-7

Altars:

Annotations:
D:7 Joseph


Innate Abilities, Weirdness & Mutations

You are resistant to damage.
Your large and strong wings let you fly.
You passively map the area around you.
You regenerate magic rapidly.
You are easily found by Zot.
You possess an exceptional clarity of mind.


Message History

You closely miss the orc warrior.
The orc warrior hits you with a +0 war axe!
* * * LOW HITPOINT WARNING * * *
You take 6 damage, and have 16/69 hp.
The orc warrior attacks as you move away!
The orc warrior hits you with a +0 war axe!
* * * LOW HITPOINT WARNING * * *
There is an open door here.
Things that are here:
a boomerang; a kobold corpse You take 5 damage, and have 11/69 hp.
The orc warrior attacks as you move away!
The orc warrior hits you with a +0 war axe.
* * * LOW HITPOINT WARNING * * *
You take 3 damage, and have 8/69 hp.
The orc warrior attacks as you move away!
The orc warrior hits you with a +0 war axe.
* * * LOW HITPOINT WARNING * * *
You take 1 damage, and have 7/69 hp.
The orc warrior attacks as you move away!
The orc warrior hits you with a +0 war axe.
The orc warrior attacks as you move away!
The orc warrior completely misses you.
Unknown command.
Items here: ( )) [[ †††.
The orc warrior attacks as you move away!
The orc warrior hits you with a +0 war axe.
* * * LOW HITPOINT WARNING * * *
You take 1 damage, and have 6/69 hp.
The orc warrior attacks as you move away!
The orc warrior hits you with a +0 war axe.
* * * LOW HITPOINT WARNING * * *
There is an open gate here.
You take 3 damage, and have 3/69 hp.
The orc warrior attacks as you move away!
You block the orc warrior's attack.
There is an empty arch of ancient stone here.
The orc warrior attacks as you move away!
The orc warrior hits you with a +0 war axe!
You die...

≈)≈≈#..........# ≈♣
...g(....8..8..#≈≈♣
#######........#≈≈♣
≈≈ ##......##≈≈♣ ,
..) #.....##...♣
..?≈#..(.##....♣ ,
8.8##..)g#.....♣♣
,,
..o#....)'......♣ ,
....#.....'..o@.∩♣
,....#.....'......♣
.8.8##....#((...♣♣
...!g#....##....♣
,,..:≈#.....##...♣
≈ ≈≈≈*#..... ##≈≈♣
* #...... #≈≈♣
,'....8..8. #≈≈♣
....... ,#≈≈♣


You could see an orc warrior and a hobgoblin.

Vanquished Creatures
  Psyche (D:8)
  A steam dragon (D:8)
  A water moccasin (D:7)
  An orc warrior (Bailey)
  A sky beast (D:7)
  An ogre (D:6)
  A kobold brigand (D:8)
  Blork the orc (D:6)
  A necrophage (D:7)
  A wight (D:7)
  A howler monkey (D:8)
  A hound (D:6)
  5 adders
  A gnoll (Bailey)
  3 worms
  3 dart slugs
  3 ball pythons
  5 bats
  2 endoplasms
  14 goblins
  4 hobgoblins
  3 jackals (D:2)
  A frilled lizard (D:2)
  17 kobolds
  2 rats
75 creatures vanquished.

Notes
Turn   | Place    | Note
-------+----------+-------------------------------------------
     0 | D:1      | gimp the Mayflytaur Fighter began the quest for the Orb.
     0 | D:1      | Reached XP level 1. HP: 21/21 MP: 2/2
    26 | D:1      | Reached skill level 3 in Long Blades
   193 | D:2      | Glimpsed the power of Zot.
   200 | D:1      | Reached XP level 2. HP: 27/28 MP: 3/3
   256 | D:2      | Reached skill level 4 in Long Blades
   334 | D:2      | Found a faded altar of an unknown god.
   349 | D:2      | Reached XP level 3. HP: 28/34 MP: 4/4
   554 | D:2      | Reached skill level 5 in Long Blades
   722 | D:3      | Reached XP level 4. HP: 42/42 MP: 5/5
   773 | D:3      | Glimpsed the power of Zot.
   782 | D:3      | Reached skill level 6 in Long Blades
   947 | D:4      | You are sucked into a shaft and drop 3 floors!
   952 | D:7      | Noticed a water moccasin
   982 | D:7      | Killed a water moccasin
   983 | D:7      | Reached skill level 7 in Long Blades
   983 | D:7      | Reached XP level 5. HP: 11/49 MP: 6/6
   995 | D:7      | Reached skill level 8 in Long Blades
   995 | D:7      | Gained mutation: You regenerate magic rapidly. [Mayflytaur
                  | growth]
   995 | D:7      | Reached XP level 6. HP: 19/56 MP: 7/7
  1029 | D:7      | Noticed a sky beast
  1080 | D:7      | Killed a sky beast
  1094 | D:7      | Reached skill level 9 in Long Blades
  1371 | D:7      | Noticed Joseph
  1375 | D:6      | Noticed Blork the orc
  1395 | D:6      | Reached XP level 7. HP: 62/62 MP: 8/8
  1401 | D:6      | Killed Blork the orc
  1402 | D:6      | Reached skill level 10 in Long Blades
  1441 | D:6      | Noticed a yak
  1552 | D:8      | Noticed a steam dragon
  1558 | D:8      | Gained mutation: You possess an exceptional clarity of
                  | mind. [potion of mutation]
  1558 | D:8      | Gained mutation: You passively map the area around you.
                  | [potion of mutation]
  1577 | D:8      | Killed a steam dragon
  1578 | D:8      | Reached skill level 11 in Long Blades
  1630 | D:8      | Noticed Psyche
  1647 | D:8      | Killed Psyche
  1648 | D:8      | Reached skill level 12 in Long Blades
  1648 | D:8      | Reached XP level 8. HP: 25/69 MP: 9/9
  1758 | D:8      | Found a staircase to the Lair.
  1792 | D:8      | Found a flagged portal.
  1806 | Bailey   | Entered a bailey
  1879 | Bailey   | Noticed an orc warlord
  1907 | Bailey   | Glimpsed the power of Zot.
  1941 | Bailey   | Reached skill level 13 in Long Blades
  1965 | Bailey   | HP: 3/69 [orc warrior/+0 war axe (3)]
  1970 | Bailey   | Mangled by an orc warrior

Illustrated notes

Levels and vault maps discovered:
D:1:      ebering_trefoil_twist, layout_basic
D:2:      layout_loops_ring, serial_bayou, serial_bayou_ford_a,
          serial_bayou_pond_a, serial_bayou_lagoon_a, serial_bayou_pond_d,
          shapermc_ecumenical_altar_acropolis
D:3:      layout_rooms
D:4:      minmay_recursive_quarters, layout_cave_pools, kennysheep_mini
D:6:      layout_basic, uniq_edmund, uniq_sigmund, uniq_blork_the_orc
D:7:      layout_cave_pools, minmay_temple_entry_water_ring, uniq_joseph
D:8:      layout_basic, lair_entry_dummy, enter_bailey_5,
          minmay_misc_feat_alley, uniq_psyche, uniq_erica
Bailey:   bailey_axe_bossmonster_kennysheep, bailey

Skill      XL: |  1  2  3  4  5  6  7  8 |
---------------+-------------------------+-----
Long Blades    | 3 4 5 7 8 9 12 13 | 13.0
Fighting       | |  3.2
Armour         | |  3.2
Shields        | |  3.2

Action                   |  1- 3 |  4- 6 |  7- 9 || total
-------------------------+-------+-------+-------++-------
Melee: Long sword        |    93 |    95 |    90 ||   278
       Short sword       |       |       |    14 ||    14
  Use: Potion            |       |     3 |     7 ||    10
       Scroll            |       |       |     5 ||     5
Armor: Scale mail        |    61 |       |       ||    61
       Plate armour      |    14 |    77 |    44 ||   135
Dodge: Dodged            |    54 |    27 |    23 ||   104
Block: Buckler           |    29 |    30 |    13 ||    72

Table legend: (Time is in decaauts)
 A = Elapsed time spent in this place.
 B = Non-inter-level travel time spent in this place.
 C = Inter-level travel time spent in this place.
 D = Time resting spent in this place.
 E = Time spent auto-exploring this place.
 F = Levels seen in this place.
 G = Mean time per level.
                   A        B        C        D        E       F      G
               +--------+--------+--------+--------+--------+-----+--------+
         Total |   1963 |   1940 |     23 |      3 |    430 |   8 |  245.4 |
       Dungeon |   1807 |   1784 |     23 |      3 |    358 |   7 |  258.1 |
        Bailey |    155 |    155 |      0 |      0 |     72 |   1 |  155.0 |
               +--------+--------+--------+--------+--------+-----+--------+

Top non-repeatable levels by time:
     D:2: 522 daAuts
     D:7: 447 daAuts
     D:3: 305 daAuts
     D:8: 287 daAuts
  Bailey: 155 daAuts
     D:1: 143 daAuts
     D:6: 95 daAuts
     D:4: 6 daAuts
